cohdb
Replays
Latest Replays
All Replays
Popular Replays
Top Player Replays
Match Explorer
How It Works
Community
CoH3 Stats
Reddit
Sign in to upload your games and track your stats! →
Sign in with Steam
Match 35436421
Unlisted
Match 35436421
Overview
Messages
Build Orders
End
Selects Heavy Armor Battlegroup
Royal Engineer Section
Royal Engineer Section
Royal Engineer Section
Construct Section Command Post
ML 3-inch Mortar Team
Construct Field Infirmary
Selects Engineer Detachments
Construct Platoon Command Post
Infantry Training
6-pounder Anti-tank Gun Team
Construct Company Command Post
Crusader II Medium Tank
Selects Crusader AA Medium Tank
Crusader II Medium Tank
6-pounder Anti-tank Gun Team
Crusader II Medium Tank
CMP 15cwt Truck
Selects Churchill Black Prince Heavy Tank
Churchill Black Prince Heavy Tank
Foot Guards Section
Foot Guards Section
Selects Light Vehicle Withdraw and Refit
Selects Radio Net
Armored Vehicle Training
Radio Net
ML 3-inch Mortar Team
kerem
Achilles Gaming @ YouTube
Field marshal Prince
NoobMaster
Leslie
光光朱
zpl0905
万物终腐朽-慈父予新生
0
0
Comments
sign in to comment!
No comments posted yet!